[Event "Live Chess"]
[Site "Chess.com"]
[Date "2023.05.20"]
[Round "-"]
[White "PackedNote"]
[Black "mattihelenius2"]
[Result "1-0"]
[WhiteElo "786"]
[BlackElo "443"]
[TimeControl "300"]
[EndTime "10:27:41 PDT"]
[Termination "PackedNote won by checkmate"]

1. e4 e5 2. Nf3 f6 3. Bb5 Nc6 4. O-O a6 5. Ba4 Bb4 6. c3 Bd6 7. Re1 b5 8. Bb3 Nge7 9. d4 Ng6 10. Be3 b4 11. Nbd2 Nf4 12. a3 a5 13. axb4 axb4 14.
Rxa8 Nd3 15. Re2 Nxb2 16. Qc2 bxc3 17. Qxc3 Nb4 18. Qxb2 Nd3 19. Qc3 Nb4 20. dxe5 Bxe5 21. Qxb4 f5 22. exf5 g6 23. fxg6 hxg6 24. Qe4 d6 25.
Qxg6+ Kd7 26. Nxe5+ dxe5 27. Ba4+ c6 28. Bxc6+ Kc7 29. Ra7+ Kb8 30. Rg7 Re8 31. Ba7# 1-0

[Event "Live Chess"]
[Site "Chess.com"]
[Date "2023.05.20"]
[Round "-"]
[White "ClassyChameleon"]
[Black "Tema1107"]
[Result "0-1"]
[WhiteElo "1044"]
[BlackElo "1965"]
[TimeControl "300"]
[EndTime "10:27:41 PDT"]
[Termination "Tema1107 won by resignation"]

1. e4 c5 2. Nc3 Nc6 3. Bc4 e6 4.
d3 Nge7 5. Nf3 d5 6. Bb3 a6 7. O-O b5 8. a3 Bb7 9. exd5 exd5 10. Ne2 g6 11. d4 c4 12. Ba2 Bg7 13. c3 O-O 14. b4 Bc8 15. Bb1 Bf5 16. Nh4 Bxb1 17. Rxb1 Bf6 18. g3 Bxh4 19. gxh4 Nf5 20. Bg5 f6 21. Bf4 Nxh4 22. Ng3 g5 23. Be3 f5 24.
Qh5 f4 25. Bd2 fxg3 26. hxg3 Nf3+ 27. Kg2 Nxd2 28. Qxg5+ Qxg5 0-1

[Event "Live Chess"]
[Site "Chess.com"]
[Date "2023.05.20"]
[Round "-"]
[White "alanmike75"]
[Black "lucaskk818"]
[Result "0-1"]
[WhiteElo "1480"]
[BlackElo "1871"]
[TimeControl "300"]
[EndTime "10:27:55 PDT"]
[Termination "lucaskk818 won on time"]

1. e4 e6 2. Nf3 d5 3. exd5 exd5 4.
d4 Nf6 5. Bd3 Bd6 6. Nbd2 O-O 7.
c4 dxc4 8. Nxc4 Nbd7 9. Nxd6 cxd6 10. O-O h6 11. Bf4 Qb6 12. Qb3 Qxb3 13. axb3 d5 14. Ne5 Nb6 15. Rfc1 Be6 16. h3 Rac8 17. Kf1 Ne4 18. f3 Nf6 19. Rc3 Nh5 20. Bh2 Nf6 21.
Rac1 Rfd8 22. g4 Kf8 23. Kf2 Ke7 24. Ke3 a6 25. f4 Nfd7 26. f5 Nxe5 27. Rxc8 Rxc8 28.
Rxc8 Bxc8 29. dxe5 f6 30. e6 Na8 31. Kd4 b5 32.
Kxd5 Bb7+ 33. Kc5 Bg2 34. Bd6+ Ke8 35. Be2 Bh1 36. b4 Bg2 37. Bf4 Be4 38. Kd4 Bh1 39. h4 Nb6 40. g5 hxg5 41. hxg5 Na4 42. gxf6 gxf6 43. b3 Nb6 44. Bh5+ Ke7 45. Be3 Nc8 46. Kc5 Be4 0-1

[Event "Live Chess"]
[Site "Chess.com"]
[Date "2023.05.20"]
[Round "-"]
[White "nigelst"]
[Black "lHolyDiverl"]
[Result "1-0"]
[WhiteElo "1842"]
[BlackElo "562"]
[TimeControl "300"]
[EndTime "10:27:59 PDT"]
[Termination "nigelst won on time"]

1. e4 c6 2. d4 d5 3. exd5 cxd5 4.
Bd3 Nf6 5. Nf3 Nc6 6. O-O Bg4 7. c3 g6 8. Re1 Bg7 9. Bg5 Qb6 10. Qb3 O-O 11. Qxb6 axb6 12. Nbd2 Rfe8 13. Ne5 Nxe5 14.
Rxe5 Ne4 15. Rxe4 dxe4 16. Bxe4 e5 17. Bxb7 Rad8 18. d5 Rd6 19. Bc6 Bf5 20. Nc4 Rxc6 21. dxc6 Rc8 22. Nd6 Rxc6 23. Nxf5 gxf5 24. Rd1 Rg6 25.
Rd8+ Bf8 26. Be7 Kg7 27. Bxf8+ 1-0

[Event "Live Chess"]
[Site "Chess.com"]
[Date "2023.05.20"]
[Round "-"]
[White "whitedjohn"]
[Black "bristolunichess"]
[Result "1-0"]
[WhiteElo "1669"]
[BlackElo "1812"]
[TimeControl "300"]
[EndTime "10:28:14 PDT"]
[Termination "whitedjohn won by checkmate"]

1. e4 c5 2. Nf3 Nc6 3. d4 cxd4 4.
Nxd4 d6 5. Nc3 Nf6 6. Bc4 Bd7 7. Be3 Ng4 8. Nxc6 Nxe3 9. Nxd8 Nxd1 10. Rxd1 Rxd8 11. O-O a6 12. f4 g6 13. e5 dxe5 14. fxe5 e6 15. Ne4 Be7 16. Nd6+ Bxd6 17. Rxd6 O-O 18.
Rfd1 Bb5 19. Rxd8 Bxc4 20. Rxf8+ Kxf8 21. b3 Bd5 22. c4 Bc6 23. Rd8+ Ke7 24. Rh8 h5 25. g3 a5 26. Kf2 a4 27. Ke3 axb3 28.
axb3 Be8 29. Kf4 f6 30. exf6+ Kf7 31. Rxe8 Kxe8 32. Ke5 Kf7 33. h4 b6 34. b4 g5 35.
hxg5 Kg6 36. Kxe6 Kxg5 37. f7 Kg4 38. f8=Q Kxg3 39. Qg7+ Kh3 40. Qh6 h4 41. Qxh4+ Kxh4 42. c5 bxc5 43. bxc5 Kg4 44. c6 Kf4 45. c7 Ke4 46.
c8=R Kd4 47. Rc6 Ke4 48. Rd6 Kf4 49. Rd5 Ke4 50. Kd6 Kf4 51. Re5 Kf3 52. Kd5 Kf4 53.
Kd4 Kf3 54. Re4 Kf2 55. Re3 Kf1 56. Ke4 Kf2 57. Kf4 Kg2 58. Rf3 Kh2 59. Kg4 Kg2 60. Kf4 Kh2 61. Rf2+ Kg1 62. Kf3 Kh1 63. Rd2 Kg1 64.
Rc2 Kh1 65. Kg3 Kg1 66. Rc1# 1-0

[Event "Live Chess"]
[Site "Chess.com"]
[Date "2023.05.20"]
[Round "-"]
[White "FlyingChessKestrel13"]
[Black "Leonid_Starozhilov"]
[Result "0-1"]
[WhiteElo "2120"]
[BlackElo "2658"]
[TimeControl "300"]
[EndTime "10:28:23 PDT"]
[Termination "Leonid_Starozhilov won by checkmate"]

1. e4 e5 2. Nf3 Nc6 3. Bb5 f5 4. d3 Nf6 5. exf5 d6 6. O-O Bxf5 7. Re1 Be7 8. Bxc6+ bxc6 9. d4 e4 10. Ng5 d5 11. f3 O-O 12. fxe4 Nxe4 13. Nxe4 Bxe4 14. Nc3 Bb4 15. Re3 Bxc3 16. bxc3 Qd6 17. Rg3 Rf6 18.
Bg5 Rg6 19. Qe2 Rf8 20. Rf1 Rxf1+ 21. Qxf1 Bxc2 22. Qf2 Be4 23. Bf4 Qa3 24. Rxg6 hxg6 25. Qd2 Bb1 26. Qe3 Be4 27. Qd2 Qe7 28. g3 c5 29. Qb2 cxd4 30. cxd4 c5 31. Qb8+ Kh7 32. Bd6 Qf7 33. Qd8 g5 34. Qxg5 Qf3 35. Qd2 Qh1+ 36. Kf2 Qxh2+ 37. Ke1 Qg1+ 38. Ke2 cxd4 39. Qe1 Qg2+ 40.
Qf2 d3+ 41. Ke1 Qh1+ 42. Kd2 Qa1 43. Ke3 Qc1+ 44. Qd2 Qc6 45. Bf4 Qc5# 0-1

[Event "Live Chess"]
[Site "Chess.com"]
[Date "2023.05.20"]
[Round "-"]
[White "LiamClery2020"]
[Black "Fazer180"]
[Result "1-0"]
[WhiteElo "2081"]
[BlackElo "1698"]
[TimeControl "300"]
[EndTime "10:28:25 PDT"]
[Termination "LiamClery2020 won by resignation"]

1. e4 e6 2. d4 d5 3. Nd2 c5 4. c3 Nc6 5. Ngf3 cxd4 6. cxd4 Nf6 7. e5 Nd7 8. Bd3 Qb6 9. O-O Nxd4 10.
Nxd4 Qxd4 11. Nf3 Qb6 12. Qc2 Be7 13. Bxh7 g6 14. Bxg6 fxg6 15. Qxg6+ Kf8 16. Bh6+ Rxh6 17. Qxh6+ Kg8 18. Qg6+ Kf8 19. Rad1 Nc5 20. Rd4 Ne4 21. Rfd1 Qxb2 22. Qh6+ Kg8 23. Rxe4 dxe4 24. Ng5 Qxe5 25.
Qh7+ 1-0

[Event "Live Chess"]
[Site "Chess.com"]
[Date "2023.05.20"]
[Round "-"]
[White "martinsmartin63"]
[Black "lateforthesky"]
[Result "0-1"]
[WhiteElo "762"]
[BlackElo "2088"]
[TimeControl "300"]
[EndTime "10:28:30 PDT"]
[Termination "lateforthesky won by resignation"]

1. Nf3 Nf6 2. d4 g6 3. Bf4 Bg7 4. e3 O-O 5. Nc3 d5 6. Be2 b6 7.
Ne5 c5 8. Nxg6 hxg6 9. Bg5 Nc6 10. Bxf6 exf6 11. Bg4 cxd4 12. Bxc8 Rxc8 13. exd4 Re8+ 14.
Kf1 f5 15. g3 Nxd4 16. Kg2 Qd6 17. Re1 Rxe1 18. Qxe1 Nxc2 19. Qc1 Nxa1 20. Qxa1 d4 21. Nb5 Qd5+ 0-1

[Event "Live Chess"]
[Site "Chess.com"]
[Date "2023.05.20"]
[Round "-"]
[White "Albul"]
[Black "NAZRIZ1977"]
[Result "0-1"]
[WhiteElo "2182"]
[BlackElo "2143"]
[TimeControl "300"]
[EndTime "10:28:32 PDT"]
[Termination "NAZRIZ1977 won by resignation"]

1. e4 c5 2. Nc3 Nc6 3. d3 g6 4. Be3 Bg7 5. Qd2 d6 6. g3 Nf6 7. Bh6 Bxh6 8. Qxh6 Nd4 9. O-O-O b5 10. Bg2 Rb8 11. f4 Ng4 12. Qg7 Rf8 13. Rf1 h5 14. h3 Ne3 15. Rf2 Nxg2 16. Rxg2 b4 17. Nd5 Be6 18. g4 Bxd5 19. exd5 Qa5 20. Kb1 b3 21. axb3 Qe1+ 22. Ka2 Rb6 0-1

[Event "Live Chess"]
[Site "Chess.com"]
[Date "2023.05.20"]
[Round "-"]
[White "OceanFloater"]
[Black "garyjc"]
[Result "1-0"]
[WhiteElo "995"]
[BlackElo "1025"]
[TimeControl "300"]
[EndTime "10:28:37 PDT"]
[Termination "OceanFloater won on time"]

1. e4 c5 2. a3 d6 3. b4 b6 4.
bxc5 bxc5 5. Bb5+ Bd7 6. Bxd7+ Qxd7 7. Nc3 g6 8. Nf3 Bg7 9. a4 Nf6 10. a5 O-O 11. d3 Nc6 12. Be3 Ng4 13. Qd2 Nxe3 14.
fxe3 Rab8 15. O-O Nb4 16. Ra3 Qc7 17. Nd5 Nxd5 18. exd5 Rb2 19. d4 cxd4 20. Nxd4 Qc5 21. Rc1 Qxa3 22. Nc6 Bh8 23. Nxe7+ Kg7 24. Qd4+ Kh6 25.
Qh4+ Kg7 26. Qd4+ Kh6 27. Qh4+ Kg7 28. Nc6 Qxe3+ 29. Kh1 Rc8 30. Re1 Qd2 31. Qd4+ Qxd4 32. Nxd4 Kf8 33. Nc6 Rxc2 34. h3 Re8 35. Rb1 Ree2 36.
Rb8+ Kg7 37. Rb1 Rxg2 38. Nxa7 Rh2+ 39. Kg1 Rcg2+ 40. Kf1 Rd2 41. Kg1 Kh6 42. Nc6 Bd4+ 43. Nxd4 Rxd4 44. Kxh2 Rxd5 45. a6 Ra5 46. Rb6 d5 47.
Kg2 d4 48. Kf2 d3 49. Ke3 Rd5 50. a7 d2 51. Rb1 f5 52. a8=Q f4+ 53. Kxf4 Rf5+ 54.
Ke4 1-0

[Event "Live Chess"]
[Site "Chess.com"]
[Date "2023.05.20"]
[Round "-"]
[White "Reggie016"]
[Black "bedsdrout"]
[Result "1-0"]
[WhiteElo "1046"]
[BlackElo "417"]
[TimeControl "300"]
[EndTime "10:28:38 PDT"]
[Termination "Reggie016 won by checkmate"]

1. e4 e5 2. Nc3 Bc5 3. f4 Qh4+ 4. g3 Qf6 5. Nf3 exf4 6. d4 fxg3 7. dxc5 Nh6 8. Nd5 O-O 9. Nxf6+ gxf6 10. Bxh6 Re8 11. Bd3 d6 12. Rg1 Bh3 13. Rxg3+ Kh8 14. Bg7+ Kg8 15. Bxf6+ Kf8 16. Rxh3 Nc6 17. Rxh7 Nd4 18.
Rh8# 1-0

[Event "Live Chess"]
[Site "Chess.com"]
[Date "2023.05.20"]
[Round "-"]
[White "Ninifu"]
[Black "mliszewski"]
[Result "1-0"]
[WhiteElo "1990"]
[BlackElo "1897"]
[TimeControl "300"]
[EndTime "10:28:44 PDT"]
[Termination "Ninifu won by resignation"]

1. d4 d5 2. c4 e5 3. dxe5 d4 4.
a3 Nh6 5. e3 Nf5 6. g4 Nh4 7.
exd4 Nc6 8. Be3 Be6 9. f4 Bxc4 10.
Bxc4 Ng2+ 11. Kf2 Nxe3 12. Kxe3 Qh4 13. Qf3 O-O-O 14. Ne2 Nxd4 15. Nxd4 Bc5 16. Rd1 Qxh2 17. Ba6 Qxb2 18. Bxb7+ Qxb7 19. Qxb7+ Kxb7 20. Ke4 Rd7 21. Nc3 Rhd8 22. Nb3 Rxd1 23. Rxd1 Rxd1 24. Nxc5+ Kc6 25.
Nxd1 Kxc5 26. f5 c6 27. Ne3 a5 28. Nc4 Kxc4 29. e6 fxe6 30. fxe6 Kb3 31. e7 Kxa3 32. e8=Q c5 33. Kd3 Kb3 34. Qb5+ Ka3 1-0

[Event "Live Chess"]
[Site "Chess.com"]
[Date "2023.05.20"]
[Round "-"]
[White "CheckString"]
[Black "CeladonFish"]
[Result "0-1"]
[WhiteElo "1232"]
[BlackElo "1011"]
[TimeControl "300"]
[EndTime "10:28:47 PDT"]
[Termination "CeladonFish won by resignation"]

1. e4 d6 2. d4 Nf6 3. Nc3 g6 4. Nf3 Bg7 5. Bc4 c6 6. O-O b5 7. Bb3 a5 8. a4 b4 9. Ne2 Nxe4 10.
Qd3 d5 11. Ng3 Ba6 0-1

[Event "Live Chess"]
[Site "Chess.com"]
[Date "2023.05.20"]
[Round "-"]
[White "stevefairhurst"]
[Black "tpm07"]
[Result "0-1"]
[WhiteElo "557"]
[BlackElo "2001"]
[TimeControl "300"]
[EndTime "10:28:54 PDT"]
[Termination "tpm07 won by checkmate"]

1. e4 c5 2. Nf3 d6 3. Bc4 e6 4. d3 Nf6 5. Ng5 a6 6. Bd2 h6 7. Nf3 b5 8. Bb3 Be7 9. c4 O-O 10. O-O Bb7 11. Nc3 b4 12. Na4 Nbd7 13. Qe2 Bc6 14. Nxc5 Nxc5 15. Bxb4 Nxb3 16. axb3 a5 17.
Bc3 a4 18. b4 d5 19. cxd5 exd5 20. e5 Ne8 21. d4 Nc7 22. Rae1 Qb8 23. Rd1 Bxb4 24.
Qd2 Na6 25. b3 axb3 26. Rb1 Bb5 27. Rfd1 Bxc3 28. Qxc3 Bc4 29. Nd2 Rc8 30. Re1 Qb4 31.
Qf3 Qxd2 32. Red1 Qg5 33. Re1 Qg6 34. Re3 Qxb1+ 35. Qd1 Qxd1+ 36. Re1 Qxe1# 0-1

[Event "Live Chess"]
[Site "Chess.com"]
[Date "2023.05.20"]
[Round "-"]
[White "WelshTiger"]
[Black "wadsy27"]
[Result "1/2-1/2"]
[WhiteElo "2437"]
[BlackElo "2587"]
[TimeControl "300"]
[EndTime "10:29:18 PDT"]
[Termination "Game drawn by repetition"]

1. e4 e6 2. d4 d5 3. Nd2 Be7 4. Bd3 c5 5. dxc5 Nf6 6. Qe2 a5 7. Ngf3 Na6 8. Bb5+ Bd7 9. Ne5 Nxc5 10. Nxd7 Ncxd7 11.
O-O O-O 12. exd5 Nxd5 13. Ne4 N7f6 14. c3 Qc7 15. Nxf6+ Bxf6 16. Bd3 Nf4 17. Bxf4 Qxf4 18. Qe4 Qxe4 19. Bxe4 Rad8 20. Rad1 b6 21. f3 g5 22. Kf2 Kg7 23. Ke2 Be5 24. h3 f5 25. Bc2 Kf6 26. Rxd8 Rxd8 27. Rd1 Bd6 28. g4 h5 29. gxf5 exf5 30.
Rd5 Re8+ 31. Kf1 Be5 32. Ba4 Re6 33. Bd7 Re7 34. Bb5 g4 35. fxg4 hxg4 36. hxg4 fxg4 37. Be2 Kf5 38. Rd8 g3 39. Kg2 Ke4 40. Bf3+ Ke3 41. Rd1 Rh7 42. Re1+ Kf4 43. Re4+ Kf5 44. Re2 Rh2+ 45. Kg1 Kf4 46. Bg2 Bd6 47. a3 Rh8 48. Re4+ Kf5 49. b4 axb4 50. axb4 Be5 51. Re3 Rd8 52. Rf3+ Bf4 53. Kf1 Rd1+ 54. Ke2 Rd2+ 55. Kf1 Ke5 56. c4 Rb2 57. c5 Rxb4 58. cxb6 Rxb6 59. Rc3 Rb1+ 60. Ke2 Rb2+ 61. Kf1 Rf2+ 62. Kg1 Kd4 63. Ra3 Be3 64. Ra4+ Kd3 65. Kh1 Rf8 66.
Ra3+ Kd4 67. Ra4+ Kd3 68. Ra3+ Ke2 69. Ra4 Rh8+ 70. Bh3 Rxh3+ 71. Kg2 Rh2+ 72. Kxg3 Rf2 73. Ra8 Rf3+ 74. Kg2 Rf4 75. Kg3 Rf3+ 76. Kg2 Rf2+ 77.
Kg3 Rf3+ 1/2-1/2

[Event "Live Chess"]
[Site "Chess.com"]
[Date "2023.05.20"]
[Round "-"]
[White "therealab0ne"]
[Black "SavagePawn7"]
[Result "1-0"]
[WhiteElo "686"]
[BlackElo "753"]
[TimeControl "300"]
[EndTime "10:29:29 PDT"]
[Termination "therealab0ne won on time"]

1. e4 e5 2. Bc4 Bc5 3. Nc3 Nf6 4.
d3 d5 5. Nxd5 Nxd5 6. Bxd5 c6 7.
Bc4 O-O 8. Nf3 Bg4 9. O-O Bxf3 10. Qxf3 Nd7 11. Qg3 Nf6 12. Bh6 g6 13. Bxf8 Qxf8 14.
Rfe1 Qd6 15. c3 b5 16. Bb3 Rd8 17. d4 exd4 18. cxd4 Qxd4 19. Rad1 Qxf2+ 20. Qxf2 Rxd1 21. Rxd1 Bxf2+ 22. Kxf2 Nxe4+ 23. Ke3 Ng5 24. Rd7 a5 25. Kf4 h6 26. Ke5 a4 27. Bc2 h5 28. Kf6 Nh7+ 29.
Ke5 f6+ 30. Kd6 f5 31. Kxc6 f4 32. Bxg6 Nf8 33. Bf7+ Kg7 34. Be8+ Nxd7 35. Kxd7 Kf6 36. Kd6 Kg5 37. Bxb5 h4 38. Bxa4 Kg4 39. b4 f3 40.
gxf3+ Kxf3 41. Bd1+ Kg2 42. Bg4 Kxh2 43. b5 Kg3 44. Be6 h3 45. Bxh3 Kxh3 46. b6 Kg2 47. b7 1-0

[Event "Live Chess"]
[Site "Chess.com"]
[Date "2023.05.20"]
[Round "-"]
[White "Doge_Dandolo"]
[Black "Mikhail_Golubev"]
[Result "0-1"]
[WhiteElo "2128"]
[BlackElo "2540"]
[TimeControl "300"]
[EndTime "10:29:37 PDT"]
[Termination "Mikhail_Golubev won by checkmate"]

1. Nf3 Nf6 2. c4 g6 3. Nc3 Bg7 4. e4 d6 5. d4 O-O 6. Be2 Na6 7. h3 e5 8. Be3 exd4 9. Nxd4 Nc5 10. Qc2 Re8 11. Bf3 Qe7 12. O-O Ncxe4 13. Bxe4 Nxe4 14. Nd5 Qd8 15. Rfe1 c6 16. Nf4 c5 17. Nb5 a6 18.
Nc3 Nxc3 19. bxc3 Bf5 20. Qd2 Be4 21. Rad1 Qa5 22. Qxd6 Bxc3 23. Rf1 Qxa2 24. Qxc5 Rac8 25. Qb6 Bg7 26. c5 Bc6 27. h4 Qc2 28. Rd2 Qe4 29.
Qb1 a5 30. Ra2 a4 31. Rd1 Qe7 32. Nd5 Qxh4 33. Nb4 Be4 34. Qc1 Qg4 35. f3 Bxf3 36. Rf1 Rxe3 37. Rxa4 Re2 38. Rxf3 Qxg2# 0-1

[Event "Live Chess"]
[Site "Chess.com"]
[Date "2023.05.20"]
[Round "-"]
[White "ViktorTheCoolBoy"]
[Black "luckywookie"]
[Result "1-0"]
[WhiteElo "2538"]
[BlackElo "732"]
[TimeControl "300"]
[EndTime "10:29:37 PDT"]
[Termination "ViktorTheCoolBoy won by resignation"]

1. e4 c6 2. c4 e5 3. Nf3 d6 4.
d4 Bg4 5. dxe5 Bxf3 6. Qxf3 dxe5 7. Nc3 Bc5 8. Bd2 Nf6 9. O-O-O Qb6 10. g4 Bd4 11. g5 Nfd7 12. h4 Nc5 13. Bh3 Nbd7 14. h5 Rf8 15. Kb1 O-O-O 16. Rc1 f6 17. g6 hxg6 18.
hxg6 Kb8 19. Bf5 a5 20. Rh7 Rg8 21. Qd1 Nd3 22. Rc2 a4 23. Nxa4 Qb4 24. Bxb4 Nxb4 25. Rd2 c5 26. Bxd7 Rxd7 27. Nxc5 Kc7 28. Nb3 Ra8 29.
a3 Nc6 30. f4 Re7 31. Nxd4 exd4 32. Qf3 Rd8 33. Rh5 Na5 34. Rxa5 b6 35. Rd5 Red7 36. R2xd4 Rxd5 37. Rxd5 Rxd5 38. cxd5 1-0

[Event "Live Chess"]
[Site "Chess.com"]
[Date "2023.05.20"]
[Round "-"]
[White "xx_blindpuffin_xx"]
[Black "Tushinskiy"]
[Result "0-1"]
[WhiteElo "2188"]
[BlackElo "2105"]
[TimeControl "300"]
[EndTime "10:29:38 PDT"]
[Termination "Tushinskiy won by resignation"]

1. d4 e5 2. dxe5 d6 3. Nf3 Bg4 4. g3 Nc6 5. Bg2 Qd7 6. O-O O-O-O 7. c4 dxe5 8. Qxd7+ Rxd7 9. Nc3 f6 10. Be3 Bb4 11. Nd5 Bd6 12. Rfd1 Nge7 13. a3 Rhd8 14. b4 Nxd5 15.
cxd5 Ne7 16. h3 Bh5 17. Nd2 Bxe2 18. Rdc1 Kb8 19. Ra2 Bh5 20. Nb3 Bf7 21. Rd2 Nf5 22. Nc5 Bxc5 23. Bxc5 Bxd5 24. Rcd1 Be6 25. Rxd7 Rxd7 26.
Rxd7 Bxd7 27. Be4 g6 28. g4 Nd6 29. Bd5 f5 30. f3 Bc6 31. Bg8 Bxf3 32. Kf2 fxg4 33.
Bxh7 Ne4+ 34. Kg1 Nxc5 35. bxc5 gxh3 36. Bxg6 Bg2 0-1

[Event "Live Chess"]
[Site "Chess.com"]
[Date "2023.05.20"]
[Round "-"]
[White "M00nDr4g0n"]
[Black "Enhard"]
[Result "0-1"]
[WhiteElo "871"]
[BlackElo "1438"]
[TimeControl "300"]
[EndTime "10:29:47 PDT"]
[Termination "Enhard won by resignation"]

1. e4 c6 2. Nc3 d5 3. f3 dxe4 4. Nxe4 Bf5 5. Bc4 e6 6. d3 Bxe4 7. fxe4 Bc5 8. b3 Qa5+ 9. Bd2 Bb4 10. Nf3 Bc3 11. Kf2 Bxd2 12. Nxd2 Qc5+ 13. Ke1 Nf6 14. Qf3 O-O 15. Rf1 Nbd7 16. a4 b5 17. axb5 cxb5 18. Qh3 bxc4 19. bxc4 Qd4 20. Nf3 Qxa1+ 21. Ke2 Qc3 22.
Rc1 h6 23. Qg4 Nxg4 0-1

[Event "Live Chess"]
[Site "Chess.com"]
[Date "2023.05.20"]
[Round "-"]
[White "Chesscoach_Golichenko"]
[Black "Singapourfeuj"]
[Result "1-0"]
[WhiteElo "2648"]
[BlackElo "2249"]
[TimeControl "300"]
[EndTime "10:29:51 PDT"]
[Termination "Chesscoach_Golichenko won by checkmate"]

1. d4 Nf6 2. c4 g6 3. Nc3 Bg7 4. e4 d6 5. Be2 O-O 6. Bg5 h6 7. Be3 Nbd7 8. Qd2 Kh7 9. h3 c5 10. d5 b5 11. cxb5 a6 12. Nf3 axb5 13. Bxb5 Ba6 14.
Bxa6 Rxa6 15. O-O Qb6 16. Qc2 Rb8 17. Rfb1 Ne8 18. Nd2 Ne5 19. f4 Nd7 20. b3 Bd4 21. Nc4 Qb4 22. Bxd4 cxd4 23. Ne2 Nb6 24. Nxd4 Nf6 25.
Nc6 Qc5+ 26. Kh2 Rba8 27. Nxe7 Nxc4 28. bxc4 Qe3 29. Rf1 Nxe4 30. Rf3 Qd4 31. Rd1 Qf6 32. Qxe4 Rxa2 33. Nc6 Rb2 34. Qd4 Qxd4 35. Rxd4 Raa2 36.
Rg3 h5 37. h4 Rc2 38. f5 gxf5 39.
Ne7 f4 40. Rxf4 f5 41. Rxf5 Rxg2+ 42. Rxg2 Rxg2+ 43. Kxg2 Kh6 44. Rg5 Kh7 45. Nf5 Kh8 46. Nxd6 Kh7 47. Ne4 Kh6 48. d6 Kh7 49. d7 Kh6 50.
d8=Q Kh7 51. Qe7+ Kh6 52. Qg7# 1-0

[Event "Live Chess"]
[Site "Chess.com"]
[Date "2023.05.20"]
[Round "-"]
[White "JackRudd"]
[Black "LL220284LL"]
[Result "1-0"]
[WhiteElo "2419"]
[BlackElo "2409"]
[TimeControl "300"]
[EndTime "10:30:00 PDT"]
[Termination "JackRudd won by resignation"]

1. d4 Nf6 2. c4 e6 3. Nc3 Bb4 4.
f3 d5 5. a3 Bxc3+ 6. bxc3 O-O 7. cxd5 exd5 8. e3 c5 9. Bd3 b6 10. Ne2 Ba6 11. O-O Bxd3 12. Qxd3 Re8 13. Ng3 Nc6 14. Ra2 h5 15. Re2 Qd7 16. Bb2 h4 17.
Nf5 h3 18. gxh3 g6 19. Nh6+ Kg7 20. Ng4 Nxg4 21. hxg4 Re6 22. c4 cxd4 23. Bxd4+ Kg8 24. Bb2 d4 25. exd4 Rxe2 26. Qxe2 Nxd4 27. Qe5 Rd8 28. Qf6 Qd6 29. Qxd6 Rxd6 30. Kg2 Ne2 31. Re1 Rd2 32. Bf6 Kf8 33. Kf1 Nd4 34. Re3 Ne6 35. h4 Ke8 36.
Ke1 Rc2 37. Re4 Kd7 38. h5 gxh5 39. gxh5 Rh2 40. Rh4 Ra2 41. h6 Nf8 42. Bg7 Nh7 43. Rd4+ Ke6 44. Re4+ Kf5 45. Re7 Rxa3 46. Rxf7+ Kg6 47.
Rf4 Ra2 48. Rg4+ Kf5 49. Bc3 Rh2 50. Bd2 Nf6 51. Rg5+ Ke6 52. Rg7 a5 53. Bg5 Nh5 54. Rb7 Kf5 55. Be3 Ng3 56. h7 Ke5 57. Bf2 Nf5 58. Bxb6 Kf4 59. Bc7+ 1-0

[Event "Live Chess"]
[Site "Chess.com"]
[Date "2023.05.20"]
[Round "-"]
[White "ACx04"]
[Black "lightningorderyt"]
[Result "1/2-1/2"]
[WhiteElo "433"]
[BlackElo "518"]
[TimeControl "300"]
[EndTime "10:30:01 PDT"]
[Termination "Game drawn by stalemate"]

1. e4 c6 2. c4 d5 3. exd5 cxd5 4. c5 Nc6 5. d4 Nf6 6. Nf3 Bg4 7. h3 Bh5 8. g4 Bg6 9. Bg5 e6 10. Nc3 Be7 11.
Bxf6 Bxf6 12. Ne5 Nxe5 13. dxe5 Bxe5 14. Ne2 O-O 15. Rc1 Bxb2 16. Rc2 Be5 17. c6 Bxc2 18. Qxc2 Rc8 19. Ng3 bxc6 20. Bd3 g6 21. h4 Bxg3 22.
fxg3 c5 23. h5 c4 24. Be2 Qa5+ 25. Kf2 Qc5+ 26. Kg2 d4 27. hxg6 fxg6 28. Bxc4 Qxc4 29. Qxc4 Rxc4 30. g5 Rd8 31. a3 d3 32. Rd1 d2 33. g4 Rc1 34. Rxd2 Rxd2+ 35. Kh3 Rc3+ 36. Kh4 Rxa3 1/2-1/2

[Event "Live Chess"]
[Site "Chess.com"]
[Date "2023.05.20"]
[Round "-"]
[White "AttackingSnowLeopard"]
[Black "Delacorta"]
[Result "1-0"]
[WhiteElo "2065"]
[BlackElo "1392"]
[TimeControl "300"]
[EndTime "10:30:02 PDT"]
[Termination "AttackingSnowLeopard won by resignation"]

1. d4 e6 2. c4 f5 3. g3 Nf6 4.
Bg2 c6 5. Nf3 d5 6. O-O Be7 7.
b3 O-O 8. Ba3 Bxa3 9. Nxa3 Ne4 10. Nb1 Bd7 11. Ne5 Be8 12. Nd2 Nd7 13. Ndf3 Bh5 14.
Nxd7 Qxd7 15. Ne5 Qc7 16. f3 Nd6 17. Qd2 Be8 18. e4 fxe4 19. fxe4 Nxe4 20. Rxf8+ Kxf8 21. Bxe4 dxe4 22. Qf4+ Kg8 23. Rf1 Bg6 24. Nxg6 hxg6 25. Qxc7 1-0

[Event "Live Chess"]
[Site "Chess.com"]
[Date "2023.05.20"]
[Round "-"]
[White "Hacker_2009"]
[Black "Bob2pen"]
[Result "1/2-1/2"]
[WhiteElo "1908"]
[BlackElo "1766"]
[TimeControl "300"]
[EndTime "10:30:04 PDT"]
[Termination "Game drawn - insufficient material"]

1. d4 Nf6 2. Nf3 c5 3. e3 g6 4. c4 Bg7 5. Nc3 O-O 6. Be2 d6 7. O-O Nc6 8. b3 a6 9. Bb2 Bg4 10. Rc1 Rc8 11. a3 cxd4 12. Nxd4 Bxe2 13. Qxe2 Nxd4 14. exd4 Re8 15. Rfe1 e5 16. dxe5 dxe5 17. Red1 Qe7 18. Nd5 Nxd5 19. cxd5 Qd6 20. Qe4 Red8 21. Rxc8 Rxc8 22. h3 f5 23. Qb4 Qxb4 24. axb4 Bf8 25.
Bxe5 Bxb4 26. d6 Rd8 27. d7 Kf7 28. Bc7 Ke7 29. Bxd8+ Kxd8 30. Rd4 Be7 31. Kf1 b5 32. Ke2 Kc7 33. Kd3 Bd8 34. b4 Kc6 35. g4 fxg4 36. hxg4 h5 37. gxh5 gxh5 38. Ke4 h4 39. Kf3 Kb6 40.
Kg4 a5 41. bxa5+ Kxa5 42. f4 b4 43. f5 b3 44. f6 Bxf6 45. Rd1 Kb4 46. d8=Q Bxd8 47.
Rxd8 b2 48. Kxh4 Kc3 49. Rc8+ Kd2 50. Rb8 Kc2 51. Rxb2+ Kxb2 1/2-1/2

[Event "Live Chess"]
[Site "Chess.com"]
[Date "2023.05.20"]
[Round "-"]
[White "Outspanner"]
[Black "jennybobby44"]
[Result "0-1"]
[WhiteElo "1537"]
[BlackElo "1845"]
[TimeControl "300"]
[EndTime "10:30:09 PDT"]
[Termination "jennybobby44 won on time"]

1. d4 Nf6 2. Bg5 d5 3. Bxf6 exf6 4. e3 Bd6 5. c4 dxc4 6. Bxc4 O-O 7. Ne2 c5 8. O-O cxd4 9. Nxd4 a6 10. a4 Qc7 11. Bd3 Bxh2+ 12. Kh1 Be5 13. Nc3 Be6 14. Rc1 Qe7 15. g3 g6 16. Kg2 Kg7 17. Qd2 Nc6 18.
Nxc6 bxc6 19. f4 Bxc3 20. bxc3 Bd5+ 21. Kg1 Rfd8 22. Qe2 Be4 23. Rfd1 Bxd3 24. Rxd3 Rxd3 25. Qxd3 Re8 26. Kf2 Qa3 27. Rb1 Qxa4 28. Rb7 Qa2+ 29. Kf3 h5 30. Rb6 Qd5+ 31. Qxd5 cxd5 32. Rxa6 Rc8 33.
Ra3 Rc4 34. Ke2 f5 35. Kd3 Kf6 36. Ra6+ Ke7 37. Ra5 Kd6 38. Ra6+ Rc6 39. Ra7 Rc7 40. Ra6+ Kc5 41. Ra5+ Kc6 42. Ra6+ Kd7 43. Rf6 Ke7 44. Ra6 f6 45. Kd4 Rd7 46. Ra5 g5 0-1

[Event "Live Chess"]
[Site "Chess.com"]
[Date "2023.05.20"]
[Round "-"]
[White "ranvir123"]
[Black "ClassyChameleon"]
[Result "0-1"]
[WhiteElo "902"]
[BlackElo "1049"]
[TimeControl "300"]
[EndTime "10:30:10 PDT"]
[Termination "ClassyChameleon won by resignation"]

1. e4 e5 2. Nf3 Nc6 3. Bc4 Nf6 4. Ng5 Nxe4 5. Bxf7+ Ke7 6. Qf3 Nxg5 7. Bd5 Nxf3+ 8. gxf3 Kd6 9. Bxc6 bxc6 10. c4 c5 11. Nc3 c6 12. d4 exd4 13. Bf4+ Ke6 14. Ne4 Qa5+ 15. Ke2 d5 16. Ng5+ Kf5 17. Nh3 dxc4 18. Rhg1 d3+ 19.
Ke3 h6 0-1